 Dungeon Crawl Stone Soup version 0.22.1-1-ga44c0e5 (webtiles) character file.

65 Fang the Skirmisher (level 4, -1/29 HPs)
             Began as a Gargoyle Berserker on Oct 15, 2018.
             Was a Believer of Trog.
             Slain by Terence
             ... wielding a +0 flail
              (8 damage)
             ... on level 2 of the Dungeon.
             The game lasted 00:01:03 (1234 turns).

Fang the Skirmisher (Gargoyle Berserker)            Turns: 1234, Time: 00:01:03

Health: -1/29      AC:  5    Str: 22    XL:     4   Next: 14%
Magic:  4/4        EV: 12    Int:  7    God:    Trog [**....]
Gold:   89         SH:  0    Dex:  9    Spells: 3/3 levels left

rFire    . . .     SeeInvis .   a - +0 hand axe
rCold    . . .     Gourm    .   (no shield)
rNeg     + . .     Faith    .   b - +0 animal skin
rPois    ∞         Spirit   .   (no helmet)
rElec    +         Reflect  .   (no cloak)
rCorr    .         Harm     .   (no gloves)
MR       .....                  (no boots)
Stlth    ..........             (no amulet)
HPRegen  0.09/turn              d - ring of attention (curse)
MPRegen  0.09/turn              (no ring)

@: berserk cooldown, slowed, very slow
A: negative energy resistance 1, electricity resistance, unbreathing,
petrification resistance, rot immunity, AC +3
a: Berserk, Trog's Hand, Renounce Religion


You were on level 2 of the Dungeon.
You worshipped Trog.
Trog was pleased with you.
You were hungry.

You visited 1 branch of the dungeon, and saw 2 of its levels.

You collected 89 gold pieces.

Inventory:

Hand Weapons
 a - a +0 hand axe (weapon)
Armour
 b - a +0 animal skin (worn)
Jewellery
 d - a cursed ring of attention (left hand)
Scrolls
 f - a scroll of random uselessness {unknown}
 g - a scroll of amnesia {unknown}
 h - a scroll of remove curse {unknown}
Potions
 e - a potion of berserk rage {unknown}
Comestibles
 c - 3 rations


   Skills:
 + Level 4.0 Fighting
 + Level 3.7 Axes
 + Level 2.3 Armour
 + Level 1.9 Dodging


You had 3 spell levels left.
You didn't know any spells.
Your spell library was empty.

Dungeon Overview and Level Annotations

Branches:
Dungeon (2/15)

Altars:

Annotations:
D:2 Terence


Innate Abilities, Weirdness & Mutations

You are resistant to torment.
Your stone body is resilient. (AC +3)
You are immune to poison.
You resist negative energy. (rN+)
You are resistant to electric shocks. (rElec)
You can survive without breathing.
You are immune to petrification.
You are immune to rotting.


Message History

You barely miss the jackal.
The jackal is almost dead.
You hit Terence. Terence hits you with a flail. The jackal misses you.
The jackal closely misses you. Terence closely misses you.
Unknown command.
You slash the jackal!
You kill the jackal!
Trog accepts your kill.
You hit Terence. Terence hits you with a flail. Terence hits you with a flail.
* * * LOW HITPOINT WARNING * * *
You see here a jackal corpse.
Unknown command.
You butcher the jackal corpse.
Terence closely misses you. x2
You see here 2 chunks of flesh.
Eat one of 2 chunks of flesh? (ye/n/q)
You eat one of the 2 chunks of flesh.
This raw flesh tastes terrible.
You are feeling hungry.
Terence hits you with a flail!
You die...

#. #. #.######
#.#....#########
#.#.#..........#.
#....)...@.......
#....)...@.......
#..###########...
#.........
##.#######
#........#
#.>.......
#..####... #..#
.. #..# .


You could see Terence.

Vanquished Creatures
  3 gnolls (D:2)
  A worm (D:2)
  4 dart slugs
  A leopard gecko (D:1)
  A giant cockroach (D:2)
  2 goblins
  2 hobgoblins (D:1)
  4 jackals (D:2)
  A ball python (D:2)
  3 bats (D:1)
  A frilled lizard (D:1)
  A kobold (D:1)
  3 rats (D:1)
27 creatures vanquished.

Notes
Turn   | Place    | Note
-------+----------+-------------------------------------------
     0 | D:1      | Fang the Gargoyle Berserker began the quest for the Orb.
     0 | D:1      | Reached XP level 1. HP: 14/14 MP: 1/1
   441 | D:1      | Reached XP level 2. HP: 19/19 MP: 2/2
   889 | D:2      | Reached XP level 3. HP: 2/24 MP: 3/3
  1207 | D:2      | Reached ** piety under Trog
  1209 | D:2      | Reached skill level 4 in Fighting
  1209 | D:2      | Reached XP level 4. HP: 29/29 MP: 4/4
  1221 | D:2      | Noticed Terence
  1234 | D:2      | Slain by Terence

Skill      XL: |  1  2  3 |
---------------+----------+-----
Axes           | 3 |  3.7
Fighting       | 4 |  4.0
Armour         | |  2.3
Dodging        | |  1.9

Action                   |  1- 3 |  4- 6 || total
-------------------------+-------+-------++-------
Melee: Hand axe          |    58 |    15 ||    73
Invok: Berserk           |     2 |       ||     2
  Eat: Chunk             |     1 |     1 ||     2
Armor: Animal skin       |    21 |    23 ||    44
Dodge: Dodged            |    47 |    25 ||    72
